 Dungeon Crawl Stone Soup version 0.21-a0-331-gfb491b4 (webtiles) character file.

17261 Amnesiac the Destroyer (level 12, 0/91 HPs)
             Began as a Gnoll Conjurer on Oct 3, 2017.
             Was a Follower of Ashenzari.
             Killed from afar by a manticore (2 damage)
             ... with a volley of spikes
             ... on level 10 of the Dungeon.
             The game lasted 00:32:41 (10655 turns).

Amnesiac the Destroyer (Gnoll Conjurer)            Turns: 10655, Time: 00:32:41

Health: 0/91       AC:  9    Str: 11    XL:     12   Next: 46%
Magic:  8/36       EV: 19    Int: 21    God:    Ashenzari [*.....]
Gold:   524        SH:  0    Dex: 19    Spells: 1/28 levels left

rFire    + . .     SeeInvis .   e - staff of energy
rCold    . . .     Gourm    .   (no shield)
rNeg     . . .     Faith    .   a - +0 robe (curse)
rPois    .         Spirit   .   q - +2 helmet (curse)
rElec    .         Reflect  .   l - +0 cloak
rCorr    .         Harm     .   n - +0 pair of gloves {archery} (curse)
MR       .....                  y - +0 pair of boots
Stlth    ++++......             (no amulet)
HPRegen  0.25/turn              O - ring of magical power (curse)
MPRegen  0.25/turn              T - ring of protection from fire (curse)

@: barbed spikes, slowed, very slow
A: distributed training, fangs 1, agile 1, high mp 1, strong nose
a: Curse Item, Scrying, Renounce Religion


You were on level 10 of the Dungeon.
You worshipped Ashenzari.
Ashenzari was aware of your devotion.
You were very hungry.

You visited 2 branches of the dungeon, and saw 11 of its levels.
You also visited: Sewer.

You collected 524 gold pieces.

Inventory:

Hand Weapons
 g - a +0 blowgun
 z - a +2 dagger of venom
 A - a +2 hunting sling of flaming
 I - a +2 whip of electrocution
Missiles
 K - 19 poisoned needles
 W - 7 curare-tipped needles
Armour
 a - a cursed +0 robe (worn)
 l - a +0 cloak (worn)
 n - a cursed +0 pair of gloves of archery (worn)
 q - a cursed +2 helmet (worn)
 y - a +0 pair of boots (worn)
 L - a +2 ring mail of cold resistance
Magical Staves
 e - an uncursed staff of energy (weapon)
Jewellery
 s - a +3 ring of slaying
 u - an uncursed ring of positive energy
 w - an uncursed ring of see invisible
 C - an uncursed ring of protection from cold
 O - a cursed ring of magical power (left hand)
 T - a cursed ring of protection from fire (right hand)
 Y - a +2 ring of slaying
Wands
 h - a wand of confusion (38/48)
 r - a wand of digging (7/24)
 t - a wand of paralysis (13/24)
 F - a wand of digging (6/24)
 N - a wand of lightning (6/15)
Scrolls
 d - 6 scrolls of teleportation {!r}
 i - 4 scrolls of remove curse {!r}
 k - 4 scrolls of enchant weapon {!r}
 m - 4 scrolls of amnesia {!r}
 v - 2 scrolls of magic mapping {!r}
 x - a scroll of fear {!r}
 M - a scroll of identify {!r}
 R - 4 scrolls of blinking {!r}
 U - a scroll of holy word {!r}
Potions
 j - 7 potions of flight {!q}
 o - a potion of might {!q}
 p - a potion of invisibility {!q}
 B - 3 potions of haste {!q}
 D - 3 potions of brilliance {!q}
 E - 5 potions of curing {!q}
 H - a potion of berserk rage {!q}
 V - a potion of magic {!q}
Books
 b - a book of Conjurations

   Spells                             Type                      Level
   a - Magic Dart                     Conjuration                  1
   b - Searing Ray                    Conjuration                  2
   c - Dazzling Spray                 Conjuration/Hexes            3
   d - Fulminant Prism                Conjuration/Hexes            4
   e - Force Lance                    Conjuration/Translocation    4
   f - Iskenderun's Mystic Blast      Conjuration                  4
 J - a book of Necromancy

   Spells                             Type                      Level
   a - Pain                           Necromancy                   1
   b - Animate Skeleton               Necromancy                   1
   c - Vampiric Draining              Necromancy                   3
   d - Regeneration                   Charms/Necromancy            3
   e - Animate Dead                   Necromancy                   4
   f - Control Undead                 Necromancy                   4
 Q - a book of Callings

   Spells                             Type                      Level
   a - Summon Small Mammal            Summoning                    1
   b - Call Imp                       Summoning                    2
   c - Call Canine Familiar           Summoning                    3
   d - Summon Guardian Golem          Hexes/Summoning              3
   e - Summon Lightning Spire         Summoning/Air                4
   f - Summon Ice Beast               Ice/Summoning                4
 S - a book of Air

   Spells                             Type                      Level
   a - Shock                          Conjuration/Air              1
   b - Swiftness                      Charms/Air                   2
   c - Static Discharge               Conjuration/Air              3
   d - Airstrike                      Air                          4
   e - Lightning Bolt                 Conjuration/Air              5
Comestibles
 c - 6 bread rations
 f - 5 meat rations
 G - a chunk of flesh
 Z - 8 royal jellies


   Skills:
 + Level 7.2 Fighting
 + Level 7.2 Short Blades
 + Level 7.2 Long Blades
 + Level 7.2 Axes
 + Level 7.2 Maces & Flails
 + Level 7.2 Polearms
 + Level 7.2 Staves
 + Level 7.2 Slings
 + Level 7.2 Bows
 + Level 7.2 Crossbows
 + Level 7.2 Throwing
 + Level 7.2 Armour
 + Level 8.6 Dodging
 + Level 8.4 Stealth
   Level 0.0 Stabbing
 + Level 7.2 Shields
   Level 0.0 Traps
 + Level 7.2 Unarmed Combat
 + Level 8.9 Spellcasting
 + Level 11.0 Conjurations
 + Level 7.2 Hexes
 + Level 7.2 Charms
 + Level 7.2 Summonings
 + Level 7.2 Necromancy
 + Level 7.2 Translocations
 + Level 7.2 Transmutations
 + Level 7.2 Fire Magic
 + Level 7.2 Ice Magic
 + Level 7.2 Air Magic
 + Level 7.2 Earth Magic
 + Level 7.2 Poison Magic
 + Level 7.2 Invocations
 + Level 7.2 Evocations


You had one spell level left.
You knew the following spells:

 Your Spells              Type           Power        Failure   Level  Hunger
a - Force Lance           Conj/Tloc      #####...     1%          4    None
b - Magic Dart            Conj           ####         1%          1    None
c - Vampiric Draining     Necr           #####.....   1%          3    None
d - Lightning Bolt        Conj/Air       #####.....   4%          5    None
e - Airstrike             Air            #####.....   3%          4    None
f - Static Discharge      Conj/Air       #####...     1%          3    None
r - Regeneration          Chrm/Necr      #####.....   1%          3    None
s - Fulminant Prism       Conj/Hex       #####.....   1%          4    None


Dungeon Overview and Level Annotations

Branches:
Dungeon (10/15)            Temple (1/1) D:6            Lair (0/6) D:8
    Orc (0/2) D:9

Altars:
Ashenzari
Cheibriados
Dithmenos
Elyvilon
Fedhas
Gozag
Hepliaklqana
Kikubaaqudgha
Makhleb
Nemelex Xobeh
Okawaru
Qazlal
Ru
Sif Muna
Trog
Uskayaw
Vehumet
Wu Jian
Xom
Yredelemnul
Zin
The Shining One
Jiyva

Shops:
D:7 =!}


Innate Abilities, Weirdness & Mutations

Your experience applies equally to all skills.
You have very sharp teeth.
Your uncanny sense of smell can sniff out nearby items.
You are agile. (Dex +2)
You have an increased reservoir of magic. (+10% MP)


Message History

Aim: a manticore (moderately wounded, fire blocked by a granite statue)
The air twists around and violently strikes the manticore!
The manticore is heavily wounded.
The big kobold hits you but does no damage.
A hornet comes into view.
Nothing appears to happen.
The big kobold hits you with a whip.
Nothing appears to happen.
The big kobold misses you.
You channel some magical energy.
You feel slightly more hungry. The big kobold barely misses you.
You channel some magical energy.
You feel slightly more hungry.
The hornet buzzes angrily.
The big kobold barely misses you.
Nothing appears to happen.
The big kobold misses you.
You channel some magical energy.
You feel slightly more hungry. The big kobold hits you with a whip.
* * * LOW HITPOINT WARNING * * *
The hornet stings you!
* * * LOW HITPOINT WARNING * * *
You feel yourself slow down.
Casting: Airstrike
Confirm with . or Enter, or press ? or * to list all spells.
Aiming: Airstrike
Press: ? - help, Dir - move target cursor, f - hornet, p - manticore
Aim: a hornet The air twists around and violently strikes the hornet!
The hornet is heavily wounded.
You feel yourself speed up. The hornet barely misses you.
The big kobold closely misses you. The hornet barely misses you.
Nothing appears to happen.
The big kobold misses you. The hornet stings you!
* * * LOW HITPOINT WARNING * * *
You feel yourself slow down.
You channel some magical energy.
You feel slightly more hungry.
You feel yourself speed up. The hornet closely misses you.
The big kobold closely misses you. The hornet stings you!
* * * LOW HITPOINT WARNING * * *
You feel yourself slow down.
The big kobold hits you but does no damage.
Really quaff
E - 7 potions of curing {!q}?
You feel better.
You feel yourself speed up.
The hornet stings you but does no damage.
The hornet completely misses you.
The big kobold hits you but does no damage.
The hornet stings you!
* * * LOW HITPOINT WARNING * * *
You feel yourself slow down.
Really quaff
E - 6 potions of curing {!q}?
You feel better. The hornet stings you!
* * * LOW HITPOINT WARNING * * *
You feel as though you will be slow longer.
The big kobold completely misses you. The hornet closely misses you.
The big kobold barely misses you.
Okay, then.
Really read
x - 2 scrolls of fear {!r}?
As you read the scroll of fear {!r}, it crumbles to dust.
You assume a fearsome visage.
The big kobold looks frightened!
The hornet looks frightened!
The manticore easily resists.
The manticore looks frightened!
The manticore flicks its tail.
The volley of spikes hits you!
The barbed spikes become lodged in your body.
You die...

..# ..# ..# ############
........... #.........#
#.........##############
'.........+.............
∆ #.........##....@).y.#
#.........#..###.###..#
#...........##.H8K.#
##....###..###.#)#H#
#....# #.##∆##....#∆
##....# #.# #...##
...#### #.# ##..# ...#
#.. #)8.# ∆ ...# #.#
##.##


You could see 2 manticores, a hornet (fleeing) and a big kobold (fleeing).

Vanquished Creatures
  2 two-headed ogres
  Pikel (D:9)
  A cyclops (D:10)
  2 centaur zombies
  Maurice (D:9)
  3 trolls
  Grinder (D:3)
  2 hippogriffs
  2 yaks
  3 wyverns
  Eustachio (D:4)
  3 hogs (D:8)
  A human (D:8)
  A hungry ghost (D:7)
  A steam dragon (D:10)
  Edmund (D:5)
  3 orc warriors
  4 ice beasts
  A sky beast (D:9)
  A swamp drake (D:9)
  A necrophage (D:7)
  6 phantoms
  7 ogres
  5 centaurs
  3 wolves (D:8)
  4 big kobolds
  Blork the orc (D:4)
  4 bullfrogs
  A gnoll sergeant (D:10)
  A wyvern zombie (D:9)
  A scorpion (D:7)
  18 killer bees
  2 electric eels (D:8)
  6 wights (D:9)
  4 crimson imps
  A bullfrog zombie (D:10)
  A jelly (D:9)
  3 quasits
  6 hounds
  2 bullfrog skeletons
  6 orc priests
  3 iguanas
  15 orc wizards
  Natasha (thrice) (D:4)
  7 worker ants
  2 killer bee zombies
  2 hound skeletons
  A worker ant zombie (D:7)
  Robin (D:4)
  A howler monkey skeleton (D:4)
  4 gnolls
  A howler monkey zombie (D:7)
  A river rat (Sewer)
  14 adders
  A shadow imp (D:10)
  2 oozes
  2 adder zombies (D:6)
  7 worms
  3 dart slugs
  4 leopard geckos
  30 orcs
  3 ball pythons
  7 giant cockroaches
  18 goblins
  10 hobgoblins
  12 jackals
  4 quokkas
  4 bats
  4 frilled lizards
  A giant cockroach zombie (D:6)
  A jackal zombie (D:8)
  19 kobolds
  15 rats
320 creatures vanquished.

Vanquished Creatures (others)
  A wizard (D:6)
  A slave (D:9)
  An orc wizard (D:9)
  An orc (D:9)
  3 kobolds (D:9)
  42 fulminant prisms
49 creatures vanquished.

Grand Total: 369 creatures vanquished

Notes
Turn   | Place    | Note
-------+----------+-------------------------------------------
     0 | D:1      | Amnesiac the Gnoll Conjurer began the quest for the Orb.
     0 | D:1      | Reached XP level 1. HP: 13/13 MP: 6/6
   112 | D:1      | Reached XP level 2. HP: 18/19 MP: 1/7
   687 | D:1      | Reached XP level 3. HP: 25/25 MP: 7/9
   795 | D:2      | Reached skill level 5 in Spellcasting
   871 | D:2      | Found a glowing golden altar of the Shining One.
   943 | D:2      | Found a sparkling altar of Nemelex Xobeh.
  1182 | D:2      | Reached skill level 1 in Fighting
  1182 | D:2      | Reached skill level 1 in Short Blades
  1182 | D:2      | Reached skill level 1 in Long Blades
  1182 | D:2      | Reached skill level 1 in Axes
  1182 | D:2      | Reached skill level 1 in Maces & Flails
  1182 | D:2      | Reached skill level 1 in Polearms
  1182 | D:2      | Reached skill level 1 in Staves
  1182 | D:2      | Reached skill level 1 in Slings
  1182 | D:2      | Reached skill level 1 in Bows
  1182 | D:2      | Reached skill level 1 in Crossbows
  1182 | D:2      | Reached skill level 1 in Throwing
  1182 | D:2      | Reached skill level 1 in Armour
  1182 | D:2      | Reached skill level 1 in Shields
  1182 | D:2      | Reached skill level 1 in Unarmed Combat
  1182 | D:2      | Reached skill level 1 in Hexes
  1182 | D:2      | Reached skill level 1 in Charms
  1182 | D:2      | Reached skill level 1 in Summonings
  1182 | D:2      | Reached skill level 1 in Necromancy
  1182 | D:2      | Reached skill level 1 in Translocations
  1182 | D:2      | Reached skill level 1 in Transmutations
  1182 | D:2      | Reached skill level 1 in Fire Magic
  1182 | D:2      | Reached skill level 1 in Ice Magic
  1182 | D:2      | Reached skill level 1 in Air Magic
  1182 | D:2      | Reached skill level 1 in Earth Magic
  1182 | D:2      | Reached skill level 1 in Poison Magic
  1182 | D:2      | Reached skill level 1 in Invocations
  1182 | D:2      | Reached skill level 1 in Evocations
  1188 | D:2      | Reached XP level 4. HP: 31/32 MP: 2/11
  1207 | D:2      | Learned a level 4 spell: Fulminant Prism
  1497 | D:3      | Noticed Grinder
  1617 | D:4      | Found a white marble altar of Elyvilon.
  1654 | D:4      | Reached XP level 5. HP: 16/37 MP: 12/12
  1914 | D:4      | Reached XP level 6. HP: 11/44 MP: 0/13
  2057 | D:4      | Reached skill level 5 in Dodging
  2179 | D:4      | Found an ancient bone altar of Kikubaaqudgha.
  2214 | D:3      | Found a shadowy altar of Dithmenos.
  2673 | D:3      | Killed Grinder
  2673 | D:3      | Reached XP level 7. HP: 35/51 MP: 0/15
  2880 | D:3      | Found an opulent altar of Gozag.
  2880 | D:3      | Found a glowing silver altar of Zin.
  3012 | D:3      | Found an ornate altar of the Wu Jian Council.
  3188 | D:4      | Noticed Blork the orc
  3199 | D:4      | Noticed Eustachio
  3209 | D:4      | Killed Blork the orc
  3228 | D:4      | Killed Eustachio
  3228 | D:4      | Reached skill level 5 in Stealth
  3228 | D:4      | Reached skill level 9 in Conjurations
  3288 | D:4      | Reached XP level 8. HP: 57/57 MP: 8/16
  3290 | D:4      | Noticed Robin
  3291 | D:4      | Killed Robin
  3292 | D:4      | Noticed Natasha
  3296 | D:4      | Killed Natasha
  3450 | D:4      | Noticed Natasha
  3453 | D:4      | Killed Natasha
  3535 | D:4      | Noticed Natasha
  3545 | D:4      | Killed Natasha
  3585 | D:5      | Entered Level 5 of the Dungeon
  4158 | D:5      | Noticed Edmund
  4183 | D:5      | Killed Edmund
  4725 | D:6      | Learned a level 5 spell: Lightning Bolt
  4739 | D:6      | Noticed a wyvern
  4752 | D:6      | Killed a wyvern
  4752 | D:6      | Reached XP level 9. HP: 56/65 MP: 0/18
  4845 | D:6      | Found a staircase to the Ecumenical Temple.
  4852 | Temple   | Entered the Ecumenical Temple
  4908 | Temple   | Became a worshipper of Ashenzari the Shackled
  5032 | D:6      | Found a radiant altar of Vehumet.
  5219 | D:6      | Found a glowing drain.
  5277 | Sewer    | Entered a sewer
  5722 | D:6      | Found a bloodstained altar of Trog.
  5724 | D:6      | Noticed a wizard
  5730 | D:6      | Killed a wizard
  6028 | D:7      | Paralysed by fainting for 7 turns
  6205 | D:7      | Learned a level 3 spell: Regeneration
  6285 | D:7      | Reached XP level 10. HP: 62/73 MP: 10/20
  6366 | D:7      | Found Kasac's Jewellery Boutique.
  6603 | D:7      | Found Esuvosi's Gadget Emporium.
  6638 | D:7      | Found Lameob's Distillery.
  6706 | D:8      | Noticed a two-headed ogre
  6728 | D:8      | Killed a two-headed ogre
  6728 | D:8      | Reached skill level 5 in Fighting
  6728 | D:8      | Reached skill level 5 in Short Blades
  6728 | D:8      | Reached skill level 5 in Long Blades
  6728 | D:8      | Reached skill level 5 in Axes
  6728 | D:8      | Reached skill level 5 in Maces & Flails
  6728 | D:8      | Reached skill level 5 in Polearms
  6728 | D:8      | Reached skill level 5 in Staves
  6728 | D:8      | Reached skill level 5 in Slings
  6728 | D:8      | Reached skill level 5 in Bows
  6728 | D:8      | Reached skill level 5 in Crossbows
  6728 | D:8      | Reached skill level 5 in Throwing
  6728 | D:8      | Reached skill level 5 in Armour
  6728 | D:8      | Reached skill level 5 in Shields
  6728 | D:8      | Reached skill level 5 in Unarmed Combat
  6728 | D:8      | Reached skill level 5 in Hexes
  6728 | D:8      | Reached skill level 5 in Charms
  6728 | D:8      | Reached skill level 5 in Summonings
  6728 | D:8      | Reached skill level 5 in Necromancy
  6728 | D:8      | Reached skill level 5 in Translocations
  6728 | D:8      | Reached skill level 5 in Transmutations
  6728 | D:8      | Reached skill level 5 in Fire Magic
  6728 | D:8      | Reached skill level 5 in Ice Magic
  6728 | D:8      | Reached skill level 5 in Air Magic
  6728 | D:8      | Reached skill level 5 in Earth Magic
  6728 | D:8      | Reached skill level 5 in Poison Magic
  6728 | D:8      | Reached skill level 5 in Invocations
  6728 | D:8      | Reached skill level 5 in Evocations
  6736 | D:8      | Reached skill level 10 in Conjurations
  7070 | D:8      | Gained mutation: You are agile. (Dex +2) [potion of mutation]
  7070 | D:8      | Gained mutation: You have an increased reservoir of magic. (+10% MP) [potion of mutation]
  7083 | D:8      | Reached XP level 11. HP: 81/81 MP: 25/25
  7279 | D:8      | Learned a level 4 spell: Airstrike
  7444 | D:8      | Found a staircase to the Lair.
  8024 | D:8      | Reached * piety under Ashenzari
  8095 | D:9      | Noticed a two-headed ogre
  8103 | D:9      | Killed a two-headed ogre
  8339 | D:9      | Noticed Maurice
  8419 | D:9      | Killed Maurice
  8438 | D:9      | Reached XP level 12. HP: 75/89 MP: 0/26
  8726 | D:9      | Noticed Pikel
  8731 | D:9      | Killed Pikel
  9039 | D:9      | Found a staircase to the Orcish Mines.
  9254 | D:9      | Found a hazy altar of Hepliaklqana.
  9429 | D:9      | Learned a level 3 spell: Vampiric Draining
  9433 | D:9      | Learned a level 3 spell: Static Discharge
  9755 | D:9      | Found a shimmering altar of Xom.
  9755 | D:9      | Found a burning altar of Makhleb.
  9757 | D:9      | Found a blossoming altar of Fedhas.
 10248 | D:10     | Entered Level 10 of the Dungeon
 10299 | D:10     | Learned a level 4 spell: Force Lance
 10311 | D:10     | Reached skill level 11 in Conjurations
 10654 | D:10     | HP: 2/91 [hornet (15)]
 10655 | D:10     | Killed from afar by a manticore

Vault maps used:
D:1:      nzn_arrival_settlement, minmay_splitting_lines, dk_noncrumbling_4,
          minmay_hexomino_c4
D:2:      lemuel_doored_altar, lemuel_crystal_altar
D:3:      grunt_temple_overflow_gold_and_silver,
          nicolae_dithmenos_shadow_blocks, lemuel_coloured_pillars_altar,
          serial_park_tiny_2, uniq_grinder
D:4:      overflow_temple_1_default, elyvilon_altar_4, first_bread,
          uniq_blork_the_orc, uniq_natasha, uniq_robin, uniq_eustachio
D:5:      nicolae_zen_rock_garden, uniq_edmund
D:6:      vehumet_crystals, minmay_temple_entry_statues, gup_sewer_entry_glass,
          trog_wizard
D:7:      serial_shops, shop, nicolae_shop_behind_doors, nicolae_shop_stone
D:8:      erik_lair_island, grunt_livestock
D:9:      old_standard_altar, gammafunk_temple_overflow_forgotten, erik_orc_1,
          onia_ninara_cookie, uniq_pikel, uniq_maurice
D:10:     minmay_the_grid_octo_tiled_octocenter
Temple:   pf_slime_end_temple
Sewer:    sewer_co_15_rooms

Skill      XL: |  1  2  3  4  5  6  7  8  9 10 11 12 |
---------------+-------------------------------------+-----
Spellcasting   | 5 6 8 |  8.9
Fighting       | 1 2 3 4 6 7 |  7.2
Short Blades   | 1 2 3 4 6 7 |  7.2
Long Blades    | 1 2 3 4 6 7 |  7.2
Axes           | 1 2 3 4 6 7 |  7.2
Maces & Flails | 1 2 3 4 6 7 |  7.2
Polearms       | 1 2 3 4 6 7 |  7.2
Staves         | 1 2 3 4 6 7 |  7.2
Slings         | 1 2 3 4 6 7 |  7.2
Bows           | 1 2 3 4 6 7 |  7.2
Crossbows      | 1 2 3 4 6 7 |  7.2
Throwing       | 1 2 3 4 6 7 |  7.2
Armour         | 1 2 3 4 6 7 |  7.2
Shields        | 1 2 3 4 6 7 |  7.2
Unarmed Combat | 1 2 3 4 6 7 |  7.2
Hexes          | 1 2 3 4 6 7 |  7.2
Charms         | 1 2 3 4 6 7 |  7.2
Summonings     | 1 2 3 4 6 7 |  7.2
Necromancy     | 1 2 3 4 6 7 |  7.2
Translocations | 1 2 3 4 6 7 |  7.2
Transmutations | 1 2 3 4 6 7 |  7.2
Fire Magic     | 1 2 3 4 6 7 |  7.2
Ice Magic      | 1 2 3 4 6 7 |  7.2
Air Magic      | 1 2 3 4 6 7 |  7.2
Earth Magic    | 1 2 3 4 6 7 |  7.2
Poison Magic   | 1 2 3 4 6 7 |  7.2
Invocations    | 1 2 3 4 6 7 |  7.2
Evocations     | 1 2 3 4 6 7 |  7.2
Dodging        | 5 6 7 8 |  8.6
Stealth        | 5 6 7 8 |  8.4
Conjurations   | 9 10 11 | 11.0

Action                   |  1- 3 |  4- 6 |  7- 9 | 10-12 || total
-------------------------+-------+-------+-------+-------++-------
Melee: Dagger            |       |    69 |   154 |    55 ||   278
       Bite              |       |     7 |    18 |     9 ||    34
       Punch             |       |     2 |     4 |     3 ||     9
       Spear             |       |       |     6 |       ||     6
       Staff             |       |       |       |    24 ||    24
 Cast: Magic Dart        |    80 |    47 |   167 |    45 ||   339
       Fulminant Prism   |       |     9 |    18 |    15 ||    42
       Lightning Bolt    |       |       |    20 |    14 ||    34
       Regeneration      |       |       |     5 |       ||     5
       Airstrike         |       |       |       |   190 ||   190
       Force Lance       |       |       |       |    25 ||    25
Invok: Curse Item        |       |       |     2 |     3 ||     5
Evoke: Staff of energy   |       |       |       |   105 ||   105
  Use: Potion            |       |     2 |       |    14 ||    16
       Scroll            |       |       |       |    13 ||    13
 Stab: Sleeping          |       |       |     3 |       ||     3
       Distracted        |       |       |       |     1 ||     1
  Eat: Chunk             |     1 |     2 |    11 |    21 ||    35
       Fruit             |       |     3 |       |       ||     3
       Royal jelly       |       |     1 |     2 |       ||     3
       Meat ration       |       |       |     1 |       ||     1
       Bread ration      |       |       |     1 |       ||     1
Armor: Robe              |     2 |     7 |    60 |    56 ||   125
Dodge: Dodged            |     5 |    56 |   174 |   275 ||   510

Table legend:
 A = Spawn XP
 B = Non-spawn XP
 C = Spawn XP percentage of total XP
 D = Spawn monster count
 E = Non-spawn monster count
 F = Spawn count percentage of total count
 G = Total turns spent on level
                    A         B        C        D         E        F      G
               +---------+---------+-------+---------+---------+-------+---------
         Total |       0 |   17788 |   0.0 |       0 |     320 |   0.0 | 10655
               +---------+---------+-------+---------+---------+-------+---------
           D:1 |       0 |      35 |   0.0 |       0 |      22 |   0.0 |   789
           D:2 |       0 |     113 |   0.0 |       0 |      31 |   0.0 |   670
           D:3 |       0 |     313 |   0.0 |       0 |      10 |   0.0 |   963
           D:4 |       0 |    1040 |   0.0 |       0 |      30 |   0.0 |  1163
           D:5 |       0 |     549 |   0.0 |       0 |      21 |   0.0 |  1047
           D:6 |       0 |    1067 |   0.0 |       0 |      21 |   0.0 |   797
           D:7 |       0 |    1892 |   0.0 |       0 |      34 |   0.0 |   863
           D:8 |       0 |    4075 |   0.0 |       0 |      37 |   0.0 |  1400
           D:9 |       0 |    6104 |   0.0 |       0 |      71 |   0.0 |  2160
          D:10 |       0 |    2445 |   0.0 |       0 |      26 |   0.0 |   407
         Sewer |       0 |     155 |   0.0 |       0 |      17 |   0.0 |   326
               +---------+---------+-------+---------+---------+-------+---------
